 Dungeon Crawl Stone Soup version 0.17.1-3-g152610e (webtiles) character file.

100 Heskey the Skirmisher (level 4, 0/30 HPs)
             Began as a Gargoyle Fighter on Apr 9, 2016.
             Slain by an orc wizard
             ... wielding a +0 dagger
              (2 damage)
             ... on level 4 of the Dungeon on Apr 12, 2016.
             The game lasted 00:03:18 (2049 turns).

Heskey the Skirmisher (Gargoyle Fighter)            Turns: 2049, Time: 00:03:19

Health: 0/30       AC: 10    Str: 21    XL:     4   Next: 73%
Magic:  4/4        EV:  7    Int:  8    God:
Gold:   228        SH:  9    Dex:  9    Spells: 0 memorised, 3 levels left

rFire  . . .     SeeInvis .     a - +0 flail
rCold  . . .     Clarity  .     b - +0 scale mail
rNeg   + . .     SustAt   .     c - +0 shield
rPois  ∞         Gourm    .     (no helmet)
rElec  +         Spirit   .     (no cloak)
rCorr  .         Warding  .     (no gloves)
rMut   .         Stasis   .     (no boots)
MR     .....                    (no amulet)
Stlth  ..........               (no ring)
                                (no ring)

@: not resistant to hostile enchantments, extremely unstealthy
A: negative energy resistance 1, electricity resistance, unbreathing,
petrification resistance, rot immunity, AC +3
a: no special abilities


You were on level 4 of the Dungeon.
You were not hungry.

You visited 1 branch of the dungeon, and saw 4 of its levels.

You collected 228 gold pieces.

Inventory:

Hand Weapons
 a - a +0 flail (weapon)
Armour
 b - a +0 scale mail (worn)
 c - a +0 shield (worn)
Jewellery
 s - an uncursed ring of positive energy {unknown}
Wands
 r - a wand of draining (6)
Scrolls
 f - 2 scrolls of enchant weapon {unknown}
 g - 2 scrolls of enchant armour {unknown}
 i - 2 scrolls of fear {unknown}
 j - a scroll of remove curse {unknown}
 m - 2 scrolls of recharging {unknown}
 q - 3 scrolls of blinking {unknown}
 t - 3 scrolls of identify {unknown}
Potions
 d - 2 potions of might
 l - 2 potions of cure mutation {unknown}
 n - 2 potions of flight {unknown}
 o - a potion of agility {unknown}
 p - 2 potions of heal wounds {unknown}
 u - a potion of curing {unknown}
Comestibles
 e - 5 bread rations
 h - a meat ration
 k - a slice of pizza


   Skills:
 * Level 4.5 Fighting
 + Level 2.6 Maces & Flails
 + Level 4.0 Armour
 + Level 3.8 Shields


You had 3 spell levels left.
You didn't know any spells.

Dungeon Overview and Level Annotations

Branches:
Dungeon (4/15)             Temple (0/1) D:4

Altars:
Sif Muna


Innate Abilities, Weirdness & Mutations

You are resistant to torment.
Your stone body is resilient (AC +3).
You are immune to poison.
You resist negative energy.
You are resistant to electric shocks.
You can survive without breathing.
You are immune to petrification.
You are immune to rotting.


Message History

Unknown command.
You miss the orc wizard.
The orc wizard is severely wounded.
The orc wizard hits you but does no damage.
The orc hits you but does no damage. The orc wizard completely misses you.
The orc hits you but does no damage.
Unknown command.
You hit the orc wizard but do no damage.
The orc wizard is severely wounded.
The orc wizard closely misses you. The orc barely misses you.
The orc wizard casts a spell.
The orc wizard blinks!
Unknown command.
The orc wizard gestures at you while chanting.
The magic dart hits you!
* * * LOW HITPOINT WARNING * * *
You closely miss the orc wizard.
The orc wizard is severely wounded.
The orc wizard hits you with a dagger.
You die...

#. #P...P###
##. ##PPP# #..
.## #.. .# #
#.# .#
#.##.##.####
#..)).......
######### #o#
#.......####@#
#.#####.>..o.#
##.# #.######
#..# #..# #..#
#..#
#..#####..# #
#.........# .
#.###.###.#
#.# #.# #.#


You could see an orc wizard and an orc.

Vanquished Creatures
  An iguana (D:4)
  An adder (D:3)
  An ooze (D:1)
  A worm (D:3)
  5 orcs
  2 ball pythons (D:3)
  5 bats
  5 giant cockroaches
  4 goblins
  4 hobgoblins
  4 jackals (D:2)
  2 quokkas
  6 giant newts
  5 kobolds
  6 rats
52 creatures vanquished.

Notes
Turn   | Place    | Note
--------------------------------------------------------------
     0 | D:1      | Heskey the Gargoyle Fighter began the quest for the Orb.
     0 | D:1      | Reached XP level 1. HP: 14/14 MP: 1/1
   128 | D:1      | Reached XP level 2. HP: 19/19 MP: 2/2
   659 | D:2      | Reached XP level 3. HP: 19/24 MP: 3/3
   917 | D:2      | Reached skill level 4 in Fighting
   959 | D:2      | Found a deep blue altar of Sif Muna.
  1699 | D:3      | Reached XP level 4. HP: 29/29 MP: 4/4
  1794 | D:4      | Found a staircase to the Ecumenical Temple.
  2049 | D:4      | Slain by an orc wizard

Action                   |  1- 3 |  4- 6 || total
-------------------------+-------+-------++-------
Melee: Flail             |   178 |    47 ||   225
  Eat: Chunk             |     2 |     2 ||     4
